 Dungeon Crawl Stone Soup version 0.29.1-15-g9cfb28693d (webtiles) character file.

Game seed: 712266274266648374

994 Anriel the Ducker (level 7, -1/33 (36) HPs)
             Began as a Deep Elf Hedge Wizard on Feb 21, 2023.
             Was a Follower of Sif Muna.
             Slain by a wight
             ... wielding a +0 great sword
              (7 damage)
             ... on level 6 of the Dungeon.
             The game lasted 00:31:31 (4507 turns).

Anriel the Ducker (Deep Elf Hedge Wizard)           Turns: 4507, Time: 00:31:31

HP:   -1/33 (36)    AC:  3    Str: 11    XL:     7   Next: 99%
MP:   9/16          EV: 15    Int: 23    God:    Sif Muna [*.....]
Gold: 229           SH:  0    Dex: 14    Spells: 4/16 levels left

rFire   . . .      SeeInvis .   f - +0 quarterstaff (spect)
rCold   . . .      Faith    .   (shield currently unavailable)
rNeg    . . .      Spirit   .   s - +0 robe
rPois   .          Reflect  .   c - +0 hat
rElec   .          Harm     .   o - +0 cloak of Objectivity {Str+4 Int+2}
rCorr   .          Rampage  .   (no gloves)
Will    .....                   (no boots)
Stlth   ++........              (no amulet)
HPRegen 0.11/turn               u - ring of wizardry
MPRegen 0.15/turn               (no ring)

@: about to teleport, drained
A: no striking features
a: Renounce Religion, Channel Magic


You were on level 6 of the Dungeon.
You worshipped Sif Muna.
Sif Muna was aware of your devotion.
You visited 2 branches of the dungeon, and saw 7 of its levels.

You collected 229 gold pieces.

Inventory:

Hand Weapons
 a - a +0 dagger
 f - a +0 spectral quarterstaff (weapon)
Armour
 c - a +0 hat (worn)
 i - a +0 leather armour
 o - the +0 cloak of Objectivity (worn) {Str+4 Int+2}
   (You acquired it on level 3 of the Dungeon)

   Str:       It affects your strength (+4).
   Int:       It affects your intelligence (+2).
 s - a +0 robe (worn)
 v - a scarf of resistance
Jewellery
 u - a ring of wizardry (left hand)
Wands
 b - a wand of roots (9)
Scrolls
 e - 2 scrolls of immolation
 h - 2 scrolls of teleportation
 p - a scroll of butterflies
Potions
 d - a potion of magic
 g - 3 potions of flight
 j - a potion of lignification
 l - 3 potions of attraction
 m - a potion of curing
 q - a potion of cancellation
 r - a potion of ambrosia {unknown}
 t - a potion of mutation


   Skills:
 + Level 4.5 Staves
 + Level 6.8 Dodging
 - Level 2.4 Stealth
 - Level 5.3 Spellcasting
 - Level 2.0 Conjurations
 - Level 2.0 Hexes
 + Level 4.8 Summonings
 - Level 2.0 Translocations


You had 4 spell levels left.
You knew the following spells:

 Your Spells              Type           Power      Damage    Failure   Level
a - Magic Dart            Conj           60%        1d6       1%          1
b - Slow                  Hex            60%        N/A       1%          1
c - Blink                 Tloc           30%        N/A       2%          2
d - Call Imp              Summ           28%        N/A       1%          2
e - Call Canine Familiar  Summ           28%        N/A       1%          3
f - Summon Guardian Gole  Hex/Summ       21%        N/A       2%          3

Your spell library contained the following spells:

 Spells                   Type           Power      Damage    Failure   Level
 Summon Small Mammal      Summ           100%       N/A       1%          1
 Necrotise                Necr           24%        1d5       4%          1
 Lesser Beckoning         Tloc           15%        N/A       4%          3
 Portal Projectile        Hex/Tloc       30%        N/A       4%          3
 Conjure Flame            Conj/Fire      10%        6-21      8%          3
 Mephitic Cloud           Conj/Pois/Air  9%         N/A       9%          3
 Corpse Rot               Necr/Pois/Air  6%         N/A       34%         4
 Manifold Assault         Tloc           15%        N/A       38%         5
 Conjure Ball Lightning   Conj/Air       5%         3x3d6     97%         6
 Discord                  Hex            7%         N/A       100%        8
 Disjunction              Tloc           7%         N/A       100%        8


Dungeon Overview and Level Annotations

Branches:
Dungeon (6/15)             Temple (1/1) D:4

Altars:
Dithmenos
Elyvilon
Fedhas
Gozag
Hepliaklqana
Kikubaaqudgha
Makhleb
Okawaru
Qazlal
Sif Muna
Wu Jian
Zin
The Shining One


Message History

* * * LOW HITPOINT WARNING * * *
You feel drained.
* * * LOW HITPOINT WARNING * * *
Okay, then.
Found a stone staircase leading down.
Your hound closely misses the wight.
Your hound bites the wight but does no damage.
Your hound closely misses the wight.
The wight hits your guardian golem with a +0 great sword.
As you read the scroll of fear, it crumbles to dust.
You assume a fearsome visage.
The ogre looks frightened!
The wight is unaffected. x2
Your hound bites the wight but does no damage.
The wight hits your hound with a +3 mace!
Your hound bites the wight but does no damage.
Your guardian golem overheats!
The wight hits your hound with a +3 mace!
Flame seeps out of your guardian golem.
Your hound bites the wight but does no damage.
Your hound barely misses the wight.
Your guardian golem is engulfed in blazing flames.
Flame seeps out of your guardian golem.
The wight hits your hound with a +3 mace!
Flame seeps out of your guardian golem.
Found a scroll of teleportation and a trident.
Your hound bites the wight.
The wight is destroyed!
Sif Muna accepts your kill.
Your guardian golem is engulfed in blazing flames.
Your guardian golem disappears in a puff of smoke!
Your guardian golem explodes!
You feel better.
Okay, then.
As you read the scroll of teleportation, it crumbles to dust.
You feel strangely unstable.
An ice beast comes into view.
The wight misses your hound. The wight closely misses you.
The wight hits you with a +0 great sword!
* * * LOW HITPOINT WARNING * * *
You feel drained.
You die...

.# ... .). #.# # #Y#
#. ?.# #.#####>#
#....@..# ........z.##
###.##.....# #O#
#.##.....#### #.#
#...h..........#
###.######.....#####.#
#.......§§)....# .#
#.#.##...z.##### .#
#....Oz§§§.# .#


You could see 2 wights and a friendly hound (summoned).

Vanquished Creatures
  2 phantoms (D:5)
  2 scorpions
  A gnoll sergeant (D:5)
  2 necrophages
  A jelly (D:5)
  5 hounds
  3 iguanas (D:5)
  6 adders
  7 gnolls (D:5)
  A shadow imp (D:5)
  A white imp (D:5)
  A dart slug (D:2)
  An orc (D:5)
  5 bats
  10 endoplasms
  3 giant cockroaches
  7 goblins
  11 hobgoblins
  7 jackals
  4 quokkas
  9 ball pythons
  5 frilled lizards
  9 kobolds
  6 rats
109 creatures vanquished.

Vanquished Creatures (collateral kills)
  A wight (D:6)
  A gnoll (D:5)
2 creatures vanquished.

Grand Total: 111 creatures vanquished

Notes
Turn   | Place    | Note
-------+----------+-------------------------------------------
     0 | D:1      | Anriel the Deep Elf Hedge Wizard began the quest for the
                  | Orb.
     0 | D:1      | Reached XP level 1. HP: 10/10 MP: 7/7
     2 | D:1      | Learned a level 1 spell: Slow
   142 | D:1      | Reached skill level 1 in Hexes
   465 | D:1      | Reached XP level 2. HP: 15/15 MP: 7/9
   480 | D:1      | Learned a level 2 spell: Blink
   483 | D:1      | Learned a level 2 spell: Call Imp
   558 | D:1      | Reached skill level 3 in Dodging
   813 | D:1      | Reached XP level 3. HP: 15/19 MP: 8/11
  1155 | D:2      | Reached skill level 5 in Spellcasting
  1710 | D:2      | Got Sif Muna's Treatise on the Wayfarer and Malignant
                  | Secrets
  1921 | D:2      | Reached XP level 4. HP: 24/24 MP: 10/13
  2549 | D:3      | Found an iron altar of Okawaru.
  2949 | D:3      | Identified a scroll of acquirement
  2949 | D:3      | Acquired the +0 cloak of Objectivity {Str+4 Int+2}
  2982 | D:4      | Reached skill level 4 in Dodging
  3003 | D:4      | Found a staircase to the Ecumenical Temple.
  3010 | Temple   | Entered the Ecumenical Temple
  3087 | Temple   | Became a worshipper of Sif Muna the Loreminder
  3126 | D:4      | Noticed a scorpion
  3132 | D:4      | Killed a scorpion
  3133 | D:4      | Reached skill level 1 in Staves
  3133 | D:4      | Reached XP level 5. HP: 22/28 MP: 11/14
  3288 | D:4      | Found a glowing golden altar of the Shining One.
  3597 | D:5      | Entered Level 5 of the Dungeon
  3615 | D:5      | Reached XP level 6. HP: 30/32 MP: 15/15
  3734 | D:5      | Reached skill level 5 in Dodging
  3771 | D:5      | Learned a level 3 spell: Call Canine Familiar
  3775 | D:5      | Learned a level 3 spell: Summon Guardian Golem
  3802 | D:5      | Reached XP level 7. HP: 36/36 MP: 8/16
  3978 | D:5      | Reached * piety under Sif Muna
  4022 | D:5      | Reached skill level 6 in Dodging
  4507 | D:6      | Slain by a wight

Illustrated notes

Levels and vault maps discovered:
D:1:      lightli_arrival_statue_moat, layout_loops_cross
D:2:      layout_basic, minivault_19, nicolae_eternal_life, minmay_circle_x
D:3:      layout_loops_cross, okawaru_metal_pillars_1_2
D:4:      layout_loops_ring, mainiacjoe_overflow_catwalk,
          minmay_temple_entry_metal_lava, eino_tiny_chamber
D:5:      layout_loops_cross, grunt_ministairs_12
D:6:      layout_loops_ring, nicolae_overflow_hallway_of_the_gods
Temple:   jpeg_temple_clearing

Skill      XL: |  1  2  3  4  5  6  7 |
---------------+----------------------+-----
Hexes          | 1 2 |  2.0
Dodging        | 3 4 5 6 |  6.8
Spellcasting   | 5 |  5.3
Conjurations   | 2 |  2.0
Staves         | 1 2 3 4 |  4.5
Summonings     | 2 3 4 |  4.8
Translocations | 2 |  2.0
Stealth        | |  2.4

Action                   |  1- 3 |  4- 6 |  7- 9 || total
-------------------------+-------+-------+-------++-------
Melee: Dagger            |     4 |       |       ||     4
       Quarterstaff      |    32 |    41 |    35 ||   108
 Cast: Magic Dart        |    64 |    59 |    28 ||   151
       Slow              |     3 |     1 |     2 ||     6
       Call Imp          |       |     3 |       ||     3
       Blink             |       |     1 |       ||     1
       Call Canine Famil |       |       |     2 ||     2
       Summon Guardian G |       |       |     2 ||     2
  Use: Scroll            |     5 |     9 |     3 ||    17
       Potion            |     1 |     2 |     1 ||     4
 Stab: Sleeping          |     3 |     2 |     1 ||     6
       Invisible         |       |     1 |       ||     1
       Distracted        |       |       |     2 ||     2
Armor: Robe              |       |     5 |     4 ||     9
Dodge: Dodged            |    25 |    15 |    18 ||    58
